 Dungeon Crawl Stone Soup version 0.23.2-33-g5129a83184 (webtiles) character file.

Game seed: 17351823380785081900

8819 Folque the Infuser (level 11, -1/79 HPs)
             Began as a Centaur Skald on July 9, 2019.
             Was a Believer of Wu Jian.
             Slain by a two-headed ogre
             ... wielding a +0 giant club
              (3 damage)
             ... on level 11 of the Dungeon.
             The game lasted 00:40:48 (13842 turns).

Folque the Infuser (Centaur Skald)                 Turns: 13842, Time: 00:40:50

Health: -1/79      AC:  6    Str: 25    XL:     11   Next: 14%
Magic:  14/15      EV: 11    Int: 16    God:    Wu Jian [**....]
Gold:   599        SH:  0    Dex:  8    Spells: 5/16 levels left

rFire    . . .     SeeInvis .   v - +11 hunting sling of Cheese {velocity, rElec MR- Str+8 Int+3}
rCold    . . .     Gourm    .   (no shield)
rNeg     . . .     Faith    .   b - +0 leather armour
rPois    .         Spirit   .   (no helmet)
rElec    +         Reflect  .   r - +0 cloak
rCorr    .         Harm     .   (no gloves)
MR       .....                  (no barding)
Stlth    ..........             (no amulet)
HPRegen  0.23/turn              h - +2 ring of evasion
MPRegen  0.14/turn              (no ring)

@: lethally poisoned (-1 -> -4), singing (expiring), very quick
A: large, hooves 3, deformed body, speed 2, tough skin 3
a: Wall Jump, Renounce Religion


You were on level 11 of the Dungeon.
You worshipped Wu Jian.
Wu Jian was pleased with you.
You were very hungry.

You visited 1 branch of the dungeon, and saw 11 of its levels.
You also visited: Bailey.

You collected 599 gold pieces.

Inventory:

Hand Weapons
 a - a +1 hand axe
 f - a +3 battleaxe of flaming
 v - the +11 hunting sling of Cheese (weapon) {velocity, rElec MR- Str+8 Int+3}
   (You found it on level 5 of the Dungeon)

   Any stone fired from it inflicts extra damage.
   It affects your strength (+8).
   It affects your intelligence (+3).
   It insulates you from electricity.
   It affects your resistance to hostile enchantments.
Missiles
 s - 3 javelins
 y - 45 sling bullets (quivered)
 D - 68 tomahawks of returning
Armour
 b - a +0 leather armour (worn)
 e - a +1 ring mail of fire resistance
 p - a +0 buckler
 r - a +0 cloak (worn)
Magical Staves
 w - an uncursed staff of death
Jewellery
 h - a +2 ring of evasion (left hand)
 i - an uncursed ring of protection from fire {unknown}
 t - a +4 amulet of reflection {unknown}
 u - a +3 amulet of reflection {unknown}
 z - an uncursed ring of wizardry {unknown}
 H - an uncursed amulet of the acrobat {unknown}
 N - a cursed amulet of inaccuracy {unknown}
Wands
 g - a wand of flame (36)
 C - a wand of digging (9)
 F - a wand of iceblast (8)
 J - a wand of polymorph (13)
 K - a wand of paralysis (11)
Scrolls
 c - 6 scrolls of remove curse {unknown}
 l - a scroll of magic mapping
 o - 9 scrolls of identify
 q - a scroll of enchant armour {unknown}
 A - a scroll of silence {unknown}
 B - a scroll of fear {unknown}
 I - a scroll of teleportation
Potions
 j - 2 potions of flight {unknown}
 k - 6 potions of mutation {unknown}
 m - 2 potions of might
 n - 6 potions of magic
 x - a potion of cancellation {unknown}
 E - a potion of experience {unknown}
 G - 3 potions of berserk rage
 L - a potion of heal wounds
 M - a potion of haste {unknown}
Comestibles
 d - 12 rations


   Skills:
 - Level 2.0 Fighting
 * Level 8.0 Axes
 - Level 4.1(5.0) Slings
 - Level 4.4(5.2) Throwing
 + Level 5.6 Armour
 - Level 1.3 Dodging
 - Level 3.0 Spellcasting
 - Level 4.6 Hexes
 - Level 8.3 Charms
 + Level 2.5 Necromancy
 * Level 3.8 Translocations


You had 5 spell levels left.
You knew the following spells:

 Your Spells              Type           Power        Failure   Level  Hunger
a - Infusion              Chrm           ####         1%          1    #......
b - Shroud of Golubria    Chrm/Tloc      ###.......   2%          2    ##.....
c - Spectral Weapon       Hex/Chrm       ###.....     4%          3    ###....
d - Song of Slaying       Chrm           ####....     1%          2    ##.....
e - Regeneration          Chrm/Necr      ###.......   7%          3    ###....

Your spell library contained the following spells:

 Spells                   Type           Power        Failure   Level  Hunger


Dungeon Overview and Level Annotations

Branches:
Dungeon (11/15)            Temple (0/1) D:5
   Lair: D:8-11         Orc: D:9-12

Altars:
Ashenzari
Cheibriados
Dithmenos
Elyvilon
Gozag
Hepliaklqana
Makhleb
Nemelex Xobeh
Qazlal
Ru
Sif Muna
Trog
Wu Jian
Xom
Yredelemnul
Zin

Shops:
D:4 [

Annotations:
D:5 1 runed translucent door, doot's ghost, novice TeVM


Innate Abilities, Weirdness & Mutations

You have hooves in place of feet.
Armour fits poorly on your strangely shaped body.
You cover ground very quickly.
You have extremely tough skin. (AC +3)


Message History

The two-headed ogre is almost dead.
You feel sick.
You feel sick.
Your song is almost over.
You feel sick.
Firing (i - inventory. (/) - cycle)
y - 46 sling bullets (quivered)
Press: ? - help, Shift-Dir - straight line, f/p - bullfrog
Aim: a bullfrog (almost dead)
You shoot a sling bullet. The sling bullet hits the bullfrog!
You kill the bullfrog!
The Council accepts your kill.
You feel sick.
You spin and attack the two-headed ogre.
You barely miss the two-headed ogre. You kick the two-headed ogre.
The two-headed ogre is almost dead.
You feel sick.
The two-headed ogre hits you with a +0 giant club!!
* * * LOW HITPOINT WARNING * * *
The two-headed ogre hits you with a +0 dire flail.
You die...

#########
#....@..#
#...O...#
#.......#
#.......#
#....(..#
..
####..###
###.##
#<.##
#....#
#..(###
#....#
#.#...#
#....#


You could see a two-headed ogre (pinned).

Vanquished Creatures
  A two-headed ogre (D:8)
  Pikel (D:7)
  A manticore (D:7)
  Psyche (D:10)
  2 gargoyles
  A centaur skeleton (D:10)
  A hornet (D:11)
  A hippogriff (D:8)
  Sigmund (D:5)
  A wyvern (D:10)
  Eustachio (D:5)
  2 hungry ghosts
  Duvessa (D:5)
  A water moccasin (D:8)
  3 orc warriors
  An ice beast (D:5)
  A phantom (D:8)
  3 sky beasts
  9 ogres
  2 centaurs (D:9)
  3 big kobolds
  Blork the orc (D:5)
  2 bullfrogs
  A wyvern skeleton (D:10)
  2 scorpions (D:5)
  Dowan (D:5)
  20 killer bees
  8 wights
  4 howler monkeys
  6 crimson imps
  A quasit (D:9)
  2 hounds
  2 jellies
  Crazy Yiuf (D:4)
  2 orc priests (D:5)
  9 orc wizards
  Natasha (twice) (D:4)
  5 worker ants
  A killer bee zombie (D:8)
  A worker ant zombie (D:8)
  A howler monkey zombie (D:7)
  13 gnolls (Bailey)
  A howler monkey skeleton (D:4)
  7 adders
  A shadow imp (D:9)
  An adder skeleton (D:4)
  2 worms (D:3)
  A dart slug (D:5)
  4 leopard geckos
  26 orcs
  6 bats
  2 giant cockroaches (D:5)
  6 goblins (D:1)
  16 hobgoblins
  10 jackals
  5 quokkas
  A ball python (D:6)
  3 frilled lizards
  A giant cockroach zombie (D:4)
  A jackal skeleton (D:9)
  29 kobolds
  A quokka skeleton (D:4)
  A rat (D:1)
248 creatures vanquished.

Vanquished Creatures (others)
  6 spectral weapons
6 creatures vanquished.

Grand Total: 254 creatures vanquished

Notes
Turn   | Place    | Note
-------+----------+-------------------------------------------
     0 | D:1      | Folque the Centaur Skald began the quest for the Orb.
     0 | D:1      | Reached XP level 1. HP: 17/17 MP: 3/3
   497 | D:1      | Reached XP level 2. HP: 23/24 MP: 4/4
   872 | D:1      | Found a shattered altar of Ashenzari.
   912 | D:1      | Reached XP level 3. HP: 27/29 MP: 5/5
   920 | D:1      | Learned a level 2 spell: Shroud of Golubria
  1569 | D:2      | Found a faded altar of an unknown god.
  1583 | D:2      | Found a burning altar of Makhleb.
  1844 | D:2      | Learned a level 3 spell: Spectral Weapon
  2153 | D:3      | Noticed an ogre
  2157 | D:3      | HP: 1/29 [ogre/+0 giant spiked club (28)]
  2653 | D:3      | HP: 1/29 [orc (2)]
  2658 | D:3      | Reached XP level 4. HP: 3/36 MP: 7/7
  2893 | D:3      | Learned a level 2 spell: Song of Slaying
  2995 | D:3      | Found a stormy altar of Qazlal.
  3652 | D:4      | Found Rinkib's Armour Shop.
  3674 | D:4      | Found a white marble altar of Elyvilon.
  3689 | D:4      | Noticed an ogre
  3750 | D:3      | Reached XP level 5. HP: 6/41 MP: 2/9
  4067 | D:4      | Noticed an ogre
  4079 | D:4      | Killed an ogre
  4079 | D:4      | Reached skill level 1 in Hexes
  4137 | D:4      | Reached XP level 6. HP: 14/48 MP: 5/10
  4476 | D:4      | Noticed Natasha
  4481 | D:4      | Killed Natasha
  4487 | D:4      | Noticed Natasha
  4521 | D:4      | Killed Natasha
  4744 | D:4      | Found a deep blue altar of Sif Muna.
  4804 | D:4      | Found a runed translucent door.
  4805 | D:4      | Noticed Crazy Yiuf
  4903 | D:4      | Killed Crazy Yiuf
  5153 | D:5      | Entered Level 5 of the Dungeon
  5222 | D:5      | Reached XP level 7. HP: 49/55 MP: 7/11
  5354 | D:5      | HP: 2/55 [poisoned by a worker ant]
  5697 | D:5      | Learned a level 3 spell: Regeneration
  5764 | D:5      | Found a staircase to the Ecumenical Temple.
  5770 | D:5      | Noticed Eustachio
  5791 | D:5      | Killed Eustachio
  5791 | D:5      | Reached skill level 5 in Axes
  6091 | D:5      | Reached skill level 1 in Armour
  6370 | D:5      | Reached skill level 1 in Throwing
  6370 | D:5      | Reached skill level 5 in Charms
  6387 | D:5      | Reached XP level 8. HP: 54/61 MP: 6/12
  6397 | D:5      | Noticed Duvessa
  6397 | D:5      | Noticed Dowan
  6397 | D:5      | Noticed Sigmund
  6422 | D:5      | Killed Dowan
  6482 | D:5      | Found a runed translucent door.
  6482 | D:5      | Noticed doot's ghost (novice TeVM)
  6484 | D:5      | Noticed Blork the orc
  6520 | D:5      | HP: 2/61 [Blork the orc/puff of frost (10)]
  6731 | D:5      | Killed Duvessa
  7034 | D:5      | Killed Sigmund
  7491 | D:5      | Found a sparkling altar of Nemelex Xobeh.
  7617 | D:5      | Killed Blork the orc
  7950 | D:5      | Got a slimy hunting sling
  7951 | D:5      | Identified the +11 hunting sling of Cheese {velocity, rElec
                  | MR- Str+8 Int+3} (You found it on level 5 of the Dungeon)
  8134 | D:6      | Reached skill level 1 in Slings
  8289 | D:6      | Noticed a gargoyle
  8293 | D:6      | Reached XP level 9. HP: 60/67 MP: 9/13
  8299 | D:6      | HP: 1/67 [gargoyle/+0 flail (21)]
  8301 | D:6      | Killed a gargoyle
  8828 | D:6      | Found a deep blue altar of Sif Muna.
  9212 | D:7      | Found a bloodstained altar of Trog.
  9215 | D:7      | Found an ornate altar of the Wu Jian Council.
  9219 | D:7      | Became a worshipper of the Wu Jian Council
  9223 | D:7      | Found a shadowy altar of Dithmenos.
  9275 | D:7      | Found a basalt altar of Yredelemnul.
  9341 | D:7      | Found a flagged portal.
  9384 | Bailey   | Entered a bailey
  9690 | Bailey   | Reached * piety under Wu Jian
  9972 | D:7      | Noticed a manticore
  9985 | D:7      | Killed a manticore
 10240 | D:7      | Found a sacrificial altar of Ru.
 10240 | D:7      | Found an opulent altar of Gozag.
 10241 | D:7      | Found a hazy altar of Hepliaklqana.
 10418 | D:7      | Noticed Pikel
 10436 | D:7      | Killed Pikel
 10436 | D:7      | Reached XP level 10. HP: 73/73 MP: 14/14
 10974 | D:8      | Found a shimmering altar of Xom.
 11005 | D:8      | Noticed a two-headed ogre
 11047 | D:8      | Killed a two-headed ogre
 11278 | D:8      | Found a glowing silver altar of Zin.
 11278 | D:8      | Found a snail-covered altar of Cheibriados.
 11355 | D:8      | Reached skill level 5 in Armour
 11706 | D:8      | Reached skill level 1 in Translocations
 11816 | D:8      | Reached ** piety under Wu Jian
 11839 | D:8      | Reached skill level 1 in Necromancy
 11880 | D:8      | HP: 4/109 [water moccasin (2)]
 13183 | D:9      | Found a white marble altar of Elyvilon.
 13211 | D:10     | Entered Level 10 of the Dungeon
 13264 | D:10     | Noticed Psyche
 13282 | D:10     | Killed Psyche
 13313 | D:10     | Reached XP level 11. HP: 52/79 MP: 10/15
 13806 | D:11     | Noticed a two-headed ogre
 13842 | D:11     | HP: 2/79 [two-headed ogre/+0 giant club (32)]
 13842 | D:11     | Slain by a two-headed ogre

Skill      XL: |  1  2  3  4  5  6  7  8  9 10 11 |
---------------+----------------------------------+-----
Axes           | 2 3 4 5 6 7 8 |  8.0
Charms         | 3 4 5 6 7 8 |  8.3
Spellcasting   | 2 3 |  3.0
Hexes          | 2 3 4 |  4.6
Armour         | 1 2 4 5 |  5.6
Throwing       | 1 3 4 |  4.4
Slings         | 2 4 |  4.1
Translocations | 3 |  3.8
Necromancy     | 2 |  2.5
Fighting       | |  2.0
Dodging        | |  1.3

Action                   |  1- 3 |  4- 6 |  7- 9 | 10-12 || total
-------------------------+-------+-------+-------+-------++-------
Melee: Hand axe          |   140 |   148 |   139 |       ||   427
       Kick              |    25 |    25 |    51 |    27 ||   128
       Battleaxe         |       |       |   109 |   143 ||   252
       Staff             |       |       |     1 |       ||     1
       Hunting sling     |       |       |       |     1 ||     1
 Fire: Hunting sling     |       |       |    49 |    54 ||   103
Throw: Javelin           |       |     3 |     7 |     2 ||    12
 Cast: Infusion          |     3 |    10 |    15 |     4 ||    32
       Spectral Weapon   |     1 |     4 |    20 |     8 ||    33
       Song of Slaying   |       |     2 |    16 |    14 ||    32
       Regeneration      |       |       |     3 |     3 ||     6
       Shroud of Golubri |       |       |     3 |     3 ||     6
Invok: Lunge             |       |       |     5 |     5 ||    10
       Whirlwind         |       |       |       |     3 ||     3
Evoke: Wand              |       |       |     3 |     1 ||     4
  Use: Potion            |     4 |     1 |     3 |     8 ||    16
       Scroll            |       |     6 |     4 |     2 ||    12
  Eat: Chunk             |     3 |     9 |    19 |     2 ||    33
       Ration            |       |       |       |     3 ||     3
Armor: Leather armour    |    44 |    36 |    78 |    77 ||   235
       Skin              |     6 |    18 |       |       ||    24
Dodge: Dodged            |    76 |    70 |   157 |   163 ||   466
